AA CENTRAL
ARKANSAS TRAVELERS @ TULSA DRILLERS
05/19/2042
 
TOP OF THE 1ST
Arkansas Travelers batting - Pitching for Tulsa Drillers : RHP José Aguilar
Pitching: RHP José Aguilar
Batting: LHB Edgar Vargo 0-0: Called Strike
0-1: SINGLE (Groundball, 6M, EV 110.0 MPH)
Batting: RHB Dave Davis 0-0: Ball
1-0: Sac Bunt to P - play at first, batter OUT! 1-3
Edgar Vargo to second
Batting: LHB Brad McParland 0-0: Called Strike
0-1: Fly out, F9 (Line Drive, 9S, EV 110.0 MPH)
Batting: LHB Jim Norton 0-0: Called Strike
0-1: Swinging Strike
0-2: Ball
1-2: Strikes out swinging
Top of the 1st over - 0 runs, 1 hit, 0 errors, 1 left on base; Arkansas 0 - Tulsa 0
BOTTOM OF THE 1ST
Tulsa Drillers batting - Pitching for Arkansas Travelers : LHP Phil Crowder
Pitching: LHP Phil Crowder
Batting: RHB Mal Williams 0-0: Ground out 6-3 (Groundball, 6S, EV 88.8 MPH)
Batting: RHB Tony Hondo 0-0: Swinging Strike
0-1: Ball
1-1: Called Strike
1-2: Strikes out swinging
Batting: RHB Jim Turner 0-0: Swinging Strike
0-1: Called Strike
0-2: Ball
1-2: Strikes out swinging
Bottom of the 1st over - 0 runs, 0 hits, 0 errors, 0 left on base; Arkansas 0 - Tulsa 0
TOP OF THE 2ND
Arkansas Travelers batting - Pitching for Tulsa Drillers : RHP José Aguilar
Batting: RHB Xavier López 0-0: Reached via error on a dropped throw from SS, E3 (Groundball, 56, EV 85.0 MPH)
Batting: RHB Reggie Allen 0-0: Ball
1-0: Sac Bunt to 23 - play at first, batter OUT! 3-4
Xavier López to second
Batting: RHB Clarence Gedman 0-0: Ball
1-0: Foul Ball, location: 3SF
1-1: Foul Ball, location: 2F
1-2: Strikes out swinging
Batting: RHB David Ayala 0-0: Called Strike
0-1: DOUBLE (Line Drive, 7LD, EV 105.0 MPH)
Xavier López scores
Batting: RHB Jim Unknown 0-0: Swinging Strike
0-1: Ball
1-1: Swinging Strike
1-2: Strikes out swinging
Top of the 2nd over - 1 run, 1 hit, 1 error, 1 left on base; Arkansas 1 - Tulsa 0
BOTTOM OF THE 2ND
Tulsa Drillers batting - Pitching for Arkansas Travelers : LHP Phil Crowder
Batting: LHB Phil Simmons 0-0: Ball
1-0: Called Strike
1-1: Ball
2-1: Ground out U3 (Groundball, 3, EV 80.6 MPH)
Batting: RHB Aodhán Drinkall 0-0: Ball
1-0: Fly out, F8 (Line Drive, 8RD, EV 93.8 MPH)
Batting: RHB Guaspar Joo 0-0: Called Strike
0-1: Ball
1-1: Called Strike
1-2: Ball
2-2: Foul Ball, location: 2F
2-2: Strikes out looking
Bottom of the 2nd over - 0 runs, 0 hits, 0 errors, 0 left on base; Arkansas 1 - Tulsa 0
TOP OF THE 3RD
Arkansas Travelers batting - Pitching for Tulsa Drillers : RHP José Aguilar
Batting: LHB Edgar Vargo 0-0: Ball
1-0: Ball
2-0: Ball
3-0: Base on Balls
Batting: RHB Dave Davis 0-0: Called Strike
Edgar Vargo steals 2nd base
0-1: Ball
1-1: Ball
2-1: Called Strike
2-2: Ground out U3 (Groundball, 34, EV 89.4 MPH)
Edgar Vargo to third
Batting: LHB Brad McParland 0-0: Swinging Strike
0-1: Ball
1-1: Called Strike
1-2: Ball
2-2: Foul Ball, location: 7LMF
2-2: Strikes out swinging
Batting: LHB Jim Norton 0-0: Ball
1-0: Ball
2-0: Ball
3-0: Base on Balls
Batting: RHB Xavier López 0-0: Ball
1-0: Ball
2-0: Ball
3-0: Base on Balls
Jim Norton to second
Batting: RHB Reggie Allen 0-0: Ball
1-0: Called Strike
1-1: Ball
2-1: Called Strike
2-2: Ball
3-2: Base on Balls
Edgar Vargo scores
Jim Norton to third
Xavier López to second
Batting: RHB Clarence Gedman 0-0: Called Strike
0-1: Called Strike
0-2: Ball
1-2: Strikes out swinging
Top of the 3rd over - 1 run, 0 hits, 0 errors, 3 left on base; Arkansas 2 - Tulsa 0
BOTTOM OF THE 3RD
Tulsa Drillers batting - Pitching for Arkansas Travelers : LHP Phil Crowder
Batting: RHB Ezequiel Alfaro 0-0: Ball
1-0: Ground out U3 (Groundball, 3, EV 85.0 MPH)
Batting: LHB Wilbert McDermid 0-0: Foul Ball, location: 3SF
0-1: Called Strike
0-2: Ball
1-2: Ball
2-2: Ball
3-2: Foul Ball, location: 2F
3-2: Base on Balls
Batting: RHB Alfredo Gutiérrez 0-0: TRIPLE (Line Drive, 89XD, EV 97.5 MPH)
Wilbert McDermid scores
Batting: RHB Mal Williams 0-0: Ball
1-0: Ball
2-0: Called Strike
2-1: Swinging Strike
2-2: Strikes out swinging
Batting: RHB Tony Hondo 0-0: Ball
1-0: Ball
2-0: Foul Ball, location: 9LSF
2-1: Ball
3-1: Ground out 5-3 (Groundball, 56, EV 80.6 MPH)
Bottom of the 3rd over - 1 run, 1 hit, 0 errors, 1 left on base; Arkansas 2 - Tulsa 1
TOP OF THE 4TH
Arkansas Travelers batting - Pitching for Tulsa Drillers : RHP José Aguilar
Batting: RHB David Ayala 0-0: Called Strike
0-1: Swinging Strike
0-2: Ball
1-2: SINGLE (Line Drive, 6D, EV 97.5 MPH)
Batting: RHB Jim Unknown 0-0: Called Strike
David Ayala steals 2nd base
0-1: Ball
1-1: Sac Bunt to 25 - play at first, batter OUT! 5-3
David Ayala to third
Batting: LHB Edgar Vargo 0-0: Foul Ball, location: 2F
0-1: Ball
1-1: Ball
2-1: Called Strike
2-2: Ball
3-2: Base on Balls
Batting: RHB Dave Davis 0-0: Ball
1-0: Ball
2-0: Ball
3-0: Base on Balls
Edgar Vargo to second
Batting: LHB Brad McParland 0-0: Ball
1-0: Ball
2-0: Ball
3-0: Called Strike
3-1: Base on Balls
David Ayala scores
Edgar Vargo to third
Dave Davis to second
Batting: LHB Jim Norton 0-0: Called Strike
0-1: Foul Ball, location: 2F
0-2: Strikes out swinging
Batting: RHB Xavier López 0-0: Ball
1-0: Ground out 5-3 (Groundball, 56S, EV 87.5 MPH)
Top of the 4th over - 1 run, 1 hit, 0 errors, 3 left on base; Arkansas 3 - Tulsa 1
BOTTOM OF THE 4TH
Tulsa Drillers batting - Pitching for Arkansas Travelers : LHP Phil Crowder
Batting: RHB Jim Turner 0-0: Ball
1-0: Foul Ball, location: 5FF
1-1: Called Strike
1-2: Foul Ball, location: 3SF
1-2: Foul Ball, location: 3SF
1-2: Ball
2-2: Ball
3-2: Base on Balls
Batting: LHB Phil Simmons 0-0: Called Strike
0-1: Foul Ball, location: 7LSF
0-2: Ball
1-2: Fly out, F7 (Flyball, 7D, EV 78.1 MPH)
Batting: RHB Aodhán Drinkall 0-0: Called Strike
0-1: SINGLE (Groundball, 6D, EV 105.6 MPH)
Jim Turner to second
Batting: RHB Guaspar Joo 0-0: Ball
1-0: Grounds into double play, 4-6-3 (Groundball, 4, EV 81.9 MPH)
Bottom of the 4th over - 0 runs, 1 hit, 0 errors, 1 left on base; Arkansas 3 - Tulsa 1
TOP OF THE 5TH
Arkansas Travelers batting - Pitching for Tulsa Drillers : RHP José Aguilar
Batting: RHB Reggie Allen 0-0: Ball
1-0: Swinging Strike
1-1: Foul Ball, location: 2F
1-2: Ball
2-2: Ball
3-2: SINGLE (Line Drive, 5D, EV 105.0 MPH)
Batting: RHB Clarence Gedman 0-0: Ball
1-0: Fly out, F9 (Flyball, 9LM, EV 105.6 MPH)
Batting: RHB David Ayala 0-0: Ball
1-0: Called Strike
1-1: Ball
2-1: Ball
3-1: Called Strike
3-2: Base on Balls
Reggie Allen to second
Batting: RHB Jim Unknown 0-0: Ball
1-0: Called Strike
1-1: Fly out, F9 (Flyball, 9, EV 88.1 MPH)
Batting: LHB Edgar Vargo 0-0: Ball
1-0: Ball
2-0: Ball
3-0: Called Strike
3-1: Swinging Strike
3-2: Foul Ball, location: 7LDF
3-2: SINGLE (Line Drive, 89S, EV 94.4 MPH)
Reggie Allen to third
David Ayala to second
Reggie Allen scores
David Ayala to third
Pitching: RHP Alphonse Canalo
Batting: RHB Dave Davis 0-0: Ball
1-0: Called Strike
1-1: Called Strike
Edgar Vargo steals 2nd base (no throw)
1-2: Ball
2-2: Strikes out looking
Top of the 5th over - 1 run, 2 hits, 0 errors, 2 left on base; Arkansas 4 - Tulsa 1
BOTTOM OF THE 5TH
Tulsa Drillers batting - Pitching for Arkansas Travelers : LHP Phil Crowder
Batting: RHB Ezequiel Alfaro 0-0: Called Strike
0-1: Foul Ball, location: 7LSF
0-2: Ball
1-2: Fly out, F6 (Popup, 6M, EV 67.5 MPH)
Batting: LHB Wilbert McDermid 0-0: Ball
1-0: Foul Ball, location: 23FF
1-1: Ground out U3 (Groundball, 34S, EV 88.1 MPH)
Batting: RHB Alfredo Gutiérrez 0-0: Called Strike
0-1: Ball
1-1: SINGLE (Groundball, 4MD, EV 98.8 MPH)
Batting: RHB Mal Williams 0-0: Called Strike
0-1: Ball
1-1: Foul Ball, location: 23FF
1-2: Foul Ball, location: 2F
1-2: Ball
2-2: Fly out, F8 (Line Drive, 8RD, EV 94.4 MPH)
Bottom of the 5th over - 0 runs, 1 hit, 0 errors, 1 left on base; Arkansas 4 - Tulsa 1
TOP OF THE 6TH
Arkansas Travelers batting - Pitching for Tulsa Drillers : RHP Alphonse Canalo
Batting: LHB Brad McParland 0-0: Called Strike
0-1: Ball
1-1: Ball
2-1: Fly out, F4 (Popup, 13, EV 74.4 MPH)
Batting: LHB Jim Norton 0-0: Foul Ball, location: 9LMF
0-1: Ball
1-1: Called Strike
1-2: Fly out, F7 (Flyball, 78M, EV 94.4 MPH)
Batting: RHB Xavier López 0-0: SOLO HOME RUN (Flyball, 7D, EV 96.9 MPH), Distance : 376 ft
Batting: RHB Reggie Allen 0-0: Foul Ball, location: 2F
0-1: Swinging Strike
0-2: Strikes out looking
Top of the 6th over - 1 run, 1 hit, 0 errors, 0 left on base; Arkansas 5 - Tulsa 1
BOTTOM OF THE 6TH
Tulsa Drillers batting - Pitching for Arkansas Travelers : LHP Phil Crowder
Batting: RHB Tony Hondo 0-0: Foul Ball, location: 5F
0-1: SINGLE (Groundball, 34D, EV 98.1 MPH)
Batting: RHB Jim Turner 0-0: Ball
1-0: Foul Ball, location: 2F
1-1: SINGLE (Groundball, 34, EV 107.5 MPH)
Tony Hondo to second
Throwing error, E9
Tony Hondo scores
Jim Turner to second
Batting: LHB Phil Simmons 0-0: Called Strike
0-1: Ball
1-1: Called Strike
1-2: SINGLE (Groundball, 34D, EV 94.4 MPH)
Jim Turner to third
Pitching: RHP Joe Anderson
Batting: RHB Aodhán Drinkall 0-0: Ball
Phil Simmons steals 2nd, throwing error, E2
Jim Turner scores
Phil Simmons to third
1-0: Ball
2-0: Ball
3-0: Called Strike
3-1: SINGLE (Line Drive, 8LS, EV 109.4 MPH)
Phil Simmons scores
Batting: RHB Guaspar Joo 0-0: Ball
1-0: Called Strike
1-1: Foul Ball, location: 2F
1-2: Ball
2-2: Strikes out swinging
Pinch Hitting: LHB Gilberto Hernández 0-0: Ball
1-0: Ball
2-0: DOUBLE (Line Drive, 89D, EV 109.4 MPH)
Aodhán Drinkall to third
Runner from 3rd tries for Home, SAFE, throw by RF to trailing runner, SAFE at third!
Pitching: RHP Jim Unknown
Batting: LHB Wilbert McDermid 0-0: Called Strike
0-1: Foul Ball, location: 2F
0-2: Foul Ball, location: 7LDF
0-2: SINGLE (Flyball, 8LM, EV 92.5 MPH)
Gilberto Hernández scores
Batting: RHB Alfredo Gutiérrez 0-0: Ball
1-0: Grounds into double play, 4-6-3 (Groundball, 4, EV 106.3 MPH)
Bottom of the 6th over - 5 runs, 6 hits, 2 errors, 0 left on base; Arkansas 5 - Tulsa 6
TOP OF THE 7TH
Arkansas Travelers batting - Pitching for Tulsa Drillers : RHP Alphonse Canalo
Now at 3B: Ed Cook
Batting: RHB Clarence Gedman 0-0: Foul Ball, location: 2F
0-1: Foul Ball, location: 7LMF
0-2: Ball
1-2: Ground out 6-3 (Groundball, 6M, EV 84.4 MPH)
Batting: RHB David Ayala 0-0: Ball
1-0: Ground out 6-3 (Groundball, 6, EV 87.5 MPH)
Batting: RHB Jim Unknown 0-0: Ball
1-0: Ball
2-0: Swinging Strike
2-1: Foul Ball, location: 5DF
2-2: Ground out U3 (Groundball, 3S, EV 83.1 MPH)
Top of the 7th over - 0 runs, 0 hits, 0 errors, 0 left on base; Arkansas 5 - Tulsa 6
BOTTOM OF THE 7TH
Tulsa Drillers batting - Pitching for Arkansas Travelers : RHP Jim Unknown
Batting: RHB Mal Williams 0-0: Ball
1-0: Called Strike
1-1: Ball
2-1: Fly out, F7 (Flyball, 7D, EV 108.1 MPH)
Batting: RHB Tony Hondo 0-0: Ball
1-0: Foul Ball, location: 2F
1-1: Ball
2-1: Ball
3-1: Base on Balls
Batting: RHB Jim Turner 0-0: Ball
1-0: Foul Ball, location: 9LDF
1-1: Ball
2-1: Ball
3-1: Foul Ball, location: 2F
3-2: Base on Balls
Tony Hondo to second
Batting: LHB Phil Simmons 0-0: Called Strike
0-1: Fly out, F8 (Flyball, 8RS, EV 75.0 MPH)
Batting: RHB Aodhán Drinkall 0-0: Fielders Choice at 2nd, 4-6 (Groundball, 4MD, EV 95.6 MPH)
Bottom of the 7th over - 0 runs, 0 hits, 0 errors, 2 left on base; Arkansas 5 - Tulsa 6
TOP OF THE 8TH
Arkansas Travelers batting - Pitching for Tulsa Drillers : RHP Alphonse Canalo
Batting: LHB Edgar Vargo 0-0: Ball
1-0: Foul Ball, location: 5SF
1-1: Ball
2-1: Called Strike
2-2: Ground out 4-3 (Groundball, 4D, EV 107.5 MPH)
Batting: RHB Dave Davis 0-0: Ground out 6-3 (Groundball, 6M, EV 82.5 MPH)
Batting: LHB Brad McParland 0-0: SINGLE (Flyball, 89D, EV 100.0 MPH)
Batting: LHB Jim Norton 0-0: Ball
1-0: Called Strike
1-1: Fly out, F9 (Flyball, 9, EV 88.1 MPH)
Top of the 8th over - 0 runs, 1 hit, 0 errors, 1 left on base; Arkansas 5 - Tulsa 6
BOTTOM OF THE 8TH
Tulsa Drillers batting - Pitching for Arkansas Travelers : RHP Jim Unknown
Batting: RHB Guaspar Joo 0-0: Ball
1-0: Foul Ball, location: 3FF
1-1: Ground out 4-3 (Groundball, 4, EV 98.8 MPH)
Batting: LHB Ed Cook 0-0: Ball
1-0: Ball
2-0: Ball
3-0: Base on Balls
Batting: LHB Wilbert McDermid 0-0: Ball
1-0: Ball
2-0: Foul Ball, location: 5F
2-1: Grounds into double play, 2-4-3 (Groundball, 15S, EV 63.1 MPH)
Bottom of the 8th over - 0 runs, 0 hits, 0 errors, 0 left on base; Arkansas 5 - Tulsa 6
TOP OF THE 9TH
Arkansas Travelers batting - Pitching for Tulsa Drillers : RHP Alphonse Canalo
Pitching: LHP Jorge Marín
Now at 3B: Orlando Aponte
Now in RF: Ed Cook
Batting: RHB Xavier López 0-0: Called Strike
0-1: Ball
1-1: SOLO HOME RUN (Line Drive, 7D, EV 95.0 MPH), Distance : 369 ft
Batting: RHB Reggie Allen 0-0: Called Strike
0-1: Ball
1-1: Hit by Pitch
Batting: RHB Clarence Gedman 0-0: Bunt - Flyout to 13S! F1
Batting: RHB David Ayala 0-0: Ball
1-0: Ball
2-0: SINGLE (Flyball, 56D, EV 88.8 MPH)
Reggie Allen to second
Batting: RHB Jim Unknown 0-0: Foul Ball, location: 2F
0-1: Foul Ball, location: 2F
0-2: Ball
1-2: Strikes out looking
Batting: LHB Edgar Vargo 0-0: Ball
1-0: Ground out 4-3 (Groundball, 34D, EV 98.8 MPH)
Top of the 9th over - 1 run, 2 hits, 0 errors, 2 left on base; Arkansas 6 - Tulsa 6
BOTTOM OF THE 9TH
Tulsa Drillers batting - Pitching for Arkansas Travelers : RHP Jim Unknown
Pinch Hitting: LHB José Ruíz 0-0: Ball
1-0: Ball
2-0: Fly out, F7 (Flyball, 78M, EV 80.0 MPH)
Batting: RHB Mal Williams 0-0: Fly out, F8 (Flyball, 8LM, EV 100.6 MPH)
Batting: RHB Tony Hondo 0-0: Ball
1-0: Fly out, F7 (Flyball, 78M, EV 78.8 MPH)
Bottom of the 9th over - 0 runs, 0 hits, 0 errors, 0 left on base; Arkansas 6 - Tulsa 6
TOP OF THE 10TH
Arkansas Travelers batting - Pitching for Tulsa Drillers : LHP Jorge Marín
Now at 3B: Cris Adaricio
Now at SS: Orlando Aponte
Batting: RHB Dave Davis 0-0: Ball
1-0: Called Strike
1-1: Foul Ball, location: 23FF
1-2: Ball
2-2: Strikes out looking
Batting: LHB Brad McParland 0-0: Ball
1-0: Ball
2-0: Ball
3-0: Called Strike
3-1: Reached on error, E6 (Groundball, 6, EV 87.5 MPH)
Batting: LHB José Barrón 0-0: Ball
1-0: Called Strike
1-1: Foul Ball, location: 7LMF
1-2: Foul Ball, location: 9LDF
1-2: Foul Ball, location: 2F
1-2: DOUBLE (Line Drive, 78D, EV 110.6 MPH)
Brad McParland to third
Runner from 3rd tries for Home, throw by CF and OUT! 8-6-2
Runner from 2nd tries for 3rd, throw by C and ERROR! Runner scores!
Batting: RHB Xavier López 0-0: Called Strike
0-1: Ball
1-1: Ball
2-1: Ball
3-1: Foul Ball, location: 5SF
3-2: Base on Balls
Batting: RHB Reggie Allen 0-0: Called Strike
0-1: Foul Ball, location: 5F
0-2: Ball
1-2: Foul Ball, location: 25F
1-2: Ball
2-2: Strikes out looking
Top of the 10th over - 1 run, 1 hit, 1 error, 1 left on base; Arkansas 7 - Tulsa 6
BOTTOM OF THE 10TH
Tulsa Drillers batting - Pitching for Arkansas Travelers : RHP Jim Unknown
Pitching: RHP Ed Cobb
Batting: RHB Jim Turner 0-0: Called Strike
0-1: Ball
1-1: Swinging Strike
1-2: DOUBLE (Line Drive, 89M, EV 106.3 MPH)
Batting: LHB Phil Simmons 0-0: Ball
1-0: Swinging Strike
1-1: Foul Ball, location: 25FF
1-2: Foul Ball, location: 5FF
1-2: Ball
2-2: Ball
3-2: Foul Ball, location: 7LDF
3-2: 2-RUN HOME RUN (Flyball, 9LD, EV 98.1 MPH), Distance : 354 ft
Bottom of the 10th over - 2 runs, 2 hits, 0 errors, 0 left on base; Arkansas 7 - Tulsa 8
Friday, May 3rd , 2024 - OOTP Baseball 24.10 Build 82